 Dungeon Crawl Stone Soup version 0.24-a0-375-g4de66ed42b (webtiles) character file.

Game seed: 16389795409874649002

177040 vurker the Severer (level 17, -2/170 HPs)
             Began as a Deep Dwarf Fighter on May 31, 2019.
             Was the Champion of Makhleb.
             Killed from afar by a shock serpent (20 damage)
             ... with a bolt of electricity
             ... on level 4 of the Snake Pit.
             The game lasted 01:40:59 (24386 turns).

vurker the Severer (Deep Dwarf Fighter)            Turns: 24386, Time: 01:41:00

Health: -2/170     AC: 26    Str: 30    XL:     17   Next: 53%
Magic:  10/10      EV:  6    Int: 14    God:    Makhleb [******]
Gold:   2113       SH: 31    Dex: 18    Spells: 16/16 levels left

rFire    . . .     SeeInvis +   I - +9 broad axe (elec)
rCold    . . .     Gourm    .   O - +7 large shield "Cehyrub" {Str+3 Int+2 Stlth-}
rNeg     + . .     Faith    .   a - +3 plate armour
rPois    +         Spirit   .   G - +2 hat
rElec    .         Reflect  +   L - +1 cloak
rCorr    .         Harm     .   K - +0 pair of gloves of the End {Int+3 Dex+6}
MR       ++...                  E - +0 pair of boots
Stlth    ..........             B - +2 amulet of reflection
HPRegen  0.00/turn              q - ring of poison resistance
MPRegen  0.12/turn              z - ring of see invisible

@: lethally poisoned (-2 -> -2), non-regenerating
A: damage resistance, heal wounds, negative energy resistance 1, sense
surroundings 2, no regeneration
a: Heal Wounds, Minor Destruction, Lesser Servant of Makhleb, Major Destruction,
Greater Servant of Makhleb, Renounce Religion


You were on level 4 of the Snake Pit.
You worshipped Makhleb.
Makhleb was exalted by your worship.
You were not hungry.

You visited 4 branches of the dungeon, and saw 27 of its levels.
You also visited: Sewer.

You collected 3207 gold pieces.
You spent 1094 gold pieces at shops.

Inventory:

Hand Weapons
 I - a +9 broad axe of electrocution (weapon)
   (You found it on level 5 of the Lair of Beasts)
 N - a +0 broad axe of freezing
   (You found it on level 4 of the Lair of Beasts)
Missiles
 D - a throwing net (quivered) {!f}
Armour
 a - a +3 plate armour (worn)
   (You took it off an orc warrior on level 15 of the Dungeon)
 k - a +0 cloak of invisibility
   (You took it off Nikola on level 3 of the Snake Pit)
 E - a +0 pair of boots (worn)
   (You found it on level 2 of the Lair of Beasts)
 G - a +2 hat (worn)
   (You found it on level 1 of the Snake Pit)
 K - the +0 pair of gloves of the End (worn) {Int+3 Dex+6}
   (You found it on level 5 of the Lair of Beasts)

   It affects your intelligence (+3).
   It affects your dexterity (+6).
 L - a +1 cloak (worn)
   (You found it on level 2 of the Snake Pit)
 O - the +7 large shield "Cehyrub" (worn) {Str+3 Int+2 Stlth-}
   (You bought it in a shop on level 3 of the Snake Pit)

   It affects your strength (+3).
   It affects your intelligence (+2).
   It makes you less stealthy.
 P - the +3 pair of gloves of Togefe {Int+2}
   (You took it off Nikola on level 3 of the Snake Pit)

   It affects your intelligence (+2).
Jewellery
 i - an uncursed ring of protection from fire
   (You found it on level 12 of the Dungeon)
 o - an uncursed ring of protection from cold
   (You found it on level 15 of the Dungeon)
 q - a ring of poison resistance (left hand)
   (You found it on level 3 of the Dungeon)
 z - a ring of see invisible (right hand)
   (You found it on level 9 of the Dungeon)
 B - a +2 amulet of reflection (around neck)
   (You found it on level 6 of the Dungeon)
Wands
 d - a wand of iceblast (19)
   (You bought it in a shop on level 1 of the Snake Pit)
 t - a wand of flame (14)
   (You bought it in a shop on level 1 of the Snake Pit)
 v - a wand of digging (2)
   (You found it on level 2 of the Lair of Beasts)
 x - a wand of enslavement (9)
   (You found it on level 5 of the Lair of Beasts)
Scrolls
 c - a scroll of immolation {!r}
 h - 2 scrolls of fear
 l - 2 scrolls of fog
 n - 11 scrolls of teleportation {@r4}
 u - a scroll of summoning
 w - a scroll of enchant weapon
 y - 7 scrolls of remove curse {@r2}
 A - 5 scrolls of blinking
 C - 4 scrolls of identify {@r1}
 F - 2 scrolls of magic mapping
 M - a scroll of enchant armour
Potions
 b - 2 potions of cancellation
 f - 3 potions of flight
 g - 4 potions of haste {@q3}
 j - 11 potions of heal wounds {@q2}
 m - 3 potions of might
 p - 8 potions of curing {@q1}
 r - a potion of invisibility
 s - a potion of ambrosia
 H - 2 potions of agility
 J - 5 potions of mutation {!q}
Comestibles
 e - 34 rations {!d}
 Q - 4 chunks of flesh


   Skills:
 * Level 15.6 Fighting
 - Level 18.0 Axes
 + Level 12.5 Armour
 * Level 14.8 Shields
 + Level 12.9 Invocations
 - Level 10.0 Evocations


You had 16 spell levels left.
You didn't know any spells.
Your spell library contained the following spells:

 Spells                   Type           Power        Failure   Level  Hunger
 Animate Skeleton         Necr           N/A          100%        1    ##.....
 Apportation              Tloc           #.....       100%        1    ##.....
 Confusing Touch          Hex            #.....       100%        1    ##.....
 Flame Tongue             Conj/Fire      #....        100%        1    ##.....
 Freeze                   Ice            #...         100%        1    ##.....
 Magic Dart               Conj           #...         100%        1    ##.....
 Shock                    Conj/Air       #...         100%        1    ##.....
 Summon Small Mammal      Summ           #...         100%        1    ##.....
 Call Imp                 Summ           #.......     100%        2    ###....
 Passwall                 Tmut/Erth      #.......     100%        2    ###....
 Searing Ray              Conj           #.....       100%        2    ###....
 Swiftness                Chrm/Air       #.......     100%        2    ###....
 Throw Flame              Conj/Fire      #.....       100%        2    ###....
 Throw Frost              Conj/Ice       #.....       100%        2    ###....
 Call Canine Familiar     Summ           #.......     100%        3    ####...
 Confuse                  Hex            #.......     100%        3    ####...
 Conjure Flame            Conj/Fire      #.......     100%        3    ####...
 Dazzling Spray           Conj/Hex       #.....       100%        3    ####...
 Gell's Gravitas          Tloc           #.........   100%        3    ####...
 Inner Flame              Hex/Fire       #.......     100%        3    ####...
 Ozocubu's Armour         Chrm/Ice       #.......     100%        3    ####...
 Static Discharge         Conj/Air       #.......     100%        3    ####...
 Summon Guardian Golem    Hex/Summ       #.......     100%        3    ####...
 Airstrike                Air            #.........   100%        4    #####..
 Force Lance              Conj/Tloc      #.......     100%        4    #####..
 Fulminant Prism          Conj/Hex       #.........   100%        4    #####..
 Iskenderun's Mystic Bla  Conj           #.......     100%        4    #####..
 Passage of Golubria      Tloc           N/A          100%        4    #####..
 Petrify                  Tmut/Erth      #.......     100%        4    #####..
 Sticky Flame             Conj/Fire      #.......     100%        4    #####..
 Summon Ice Beast         Ice/Summ       #.......     100%        4    #####..
 Summon Lightning Spire   Summ/Air       #.......     100%        4    #####..
 Throw Icicle             Conj/Ice       #.......     100%        4    #####..
 Fireball                 Conj/Fire      #.........   100%        5    ######.
 Lee's Rapid Deconstruct  Erth           #.........   100%        5    ######.
 Lightning Bolt           Conj/Air       #.........   100%        5    ######.
 Metabolic Englaciation   Hex/Ice        #.........   100%        5    ######.
 Yara's Violent Unravell  Hex/Tmut       #.........   100%        5    ######.
 Darkness                 Hex            #.........   100%        6    #######
 Invisibility             Hex            #.......     100%        6    #######


Dungeon Overview and Level Annotations

Branches:
Dungeon (15/15)            Temple (0/1) D:5            Lair (6/6) D:11
 Shoals (0/4) Lair:3        Snake (4/4) Lair:2        Slime (0/5) Lair:5
    Orc (2/2) D:10            Elf (0/3) Orc:2        Vaults (0/5) D:13
 Depths (0/5) D:15

Altars:
Cheibriados
Elyvilon
Fedhas
Hepliaklqana
Makhleb
Nemelex Xobeh
Qazlal
Ru
Sif Muna
Trog
Uskayaw
Vehumet
Wu Jian
The Shining One

Shops:
D:9 [   D:13 [   Orc:2 ***%   Snake:1 *}   Snake:2 (   Snake:3 *

Annotations:
D:8 1 runed translucent door
D:14 3 runed translucent doors, CcS's ghost, journeyman SpEn; CheesenQwackers's ghost, journeyman CeHu; emperorscorpion's ghost, journeyman VSBe; theanonym's ghost, journeyman MiAs
Lair:1 exclusion: oklob plant


Innate Abilities, Weirdness & Mutations

You are resistant to damage.
You can heal yourself by infusing magical energy.
You resist negative energy. (rN+)
You passively map the area around you.
You do not regenerate.


Message History

* * * LOW HITPOINT WARNING * * *
The shock serpent bites you but does no damage.
The shock serpent shoots out a bolt of lightning at you!
The bolt of electricity hits you!
* * * LOW HITPOINT WARNING * * *
You block the shock serpent's attack.
You feel much better.
The nagaraja mumbles some strange words.
The nagaraja seems to speed up.
The naga sharpshooter mumbles some strange words.
The naga sharpshooter magically shoots a bolt.
You reflect the bolt off an invisible shield around you!
The shock serpent shoots out a bolt of lightning at you!
The bolt of electricity misses you. The bolt of electricity hits you!
You hit the shock serpent. You slash the shock serpent!
The shock serpent's electric aura discharges, shocking you!
The shock serpent bites you but does no damage.
The shock serpent shoots out a bolt of lightning at you!
The bolt of electricity hits you!
* * * LOW HITPOINT WARNING * * *
The bolt of electricity misses you.
The shock serpent shoots out a bolt of lightning at you!
The bolt of electricity hits you!!
* * * LOW HITPOINT WARNING * * *
Your magical essence is drained by the effort!
You feel much better.
The naga sharpshooter casts a spell.
The naga sharpshooter magically shoots a bolt.
You reflect the bolt off an invisible shield around you!
The shock serpent shoots out a bolt of lightning at you!
The bolt of electricity hits you!
* * * LOW HITPOINT WARNING * * *
The bolt of electricity hits you!
* * * LOW HITPOINT WARNING * * *
The shock serpent shoots out a bolt of lightning at you!
The bolt of electricity hits you but does no damage.
You feel much better. You block the shock serpent's attack.
The shock serpent barely misses you. The shock serpent bites you!
* * * LOW HITPOINT WARNING * * *
The shock serpent shocks you!
* * * LOW HITPOINT WARNING * * *
The shock serpent shoots out a bolt of lightning at you!
The bolt of electricity hits you!!
* * * LOW HITPOINT WARNING * * *
The shock serpent shoots out a bolt of lightning at you!
The bolt of electricity hits you!!
* * * LOW HITPOINT WARNING * * *
The shock serpent shoots out a bolt of lightning at you!
The bolt of electricity hits you!!
You die...

....(...#* * * * **
.....N.N###### * , ,
#...().....## * * , ,
*#...(N......######
+* *
#....)###........#,_
* , * *
##.....N)####, ..##,
, *
##....#.N.####...###,
, *
#....###.S.........
,, #....###.S@<###.
** ,,
...........(รท.##*
....#.#####)....#* *
##...#.# #####...# *
#...#. ##..!# * * *,
##.. * # * ,* *


You could see a nagaraja, a naga sharpshooter and 2 shock serpents.

Vanquished Creatures
  Nikola (Snake:3)
  Jorgrun (Snake:3)
  Frances (Snake:1)
  Gastronok (Lair:2)
  5 nagarajas
  Aizul (Snake:3)
  A minotaur (Lair:4)
  Azrael (Snake:1)
  8 vault guards (D:13)
  A fire dragon (D:12)
  A rakshasa (D:11)
  An ice dragon (Lair:5)
  Erolcha (Orc:2)
  7 naga warriors
  6 hydras
  13 anacondas
  A centaur warrior (D:14)
  13 death yaks
  9 two-headed ogres
  A queen ant (Lair:3)
  A death knight (D:12)
  3 orc high priests (Orc:2)
  A deep troll earth mage (D:11)
  2 tengu warriors (D:13)
  6 shock serpents
  6 naga sharpshooters
  Nergalle (D:12)
  4 skeletal warriors
  3 unseen horrors
  7 sea snakes (Snake:3)
  A necromancer (D:15)
  A phantasmal warrior (D:15)
  7 orc knights
  3 mana vipers
  A deep elf mage (D:15)
  2 manticores (D:15)
  4 orc sorcerers (Orc:2)
  13 ugly things
  A mana viper (shapeshifter) (D:14)
  8 salamanders
  An iron dragon skeleton (D:15)
  A cyclops (D:12)
  5 centaur zombies
  4 guardian serpents
  19 elephants
  16 black mambas
  3 gargoyles
  15 naga magi
  26 spiny frogs
  2 kobold demonologists
  10 komodo dragons
  2 ice devils (Lair:1)
  A redback zombie (D:15)
  3 tengu conjurers
  2 freezing wraiths
  3 trolls
  A hornet (D:14)
  A queen bee (D:10)
  27 blink frogs
  3 polar bears (Lair:1)
  5 tyrant leeches (Lair:6)
  A polar bear (shapeshifter) (D:15)
  A snapping turtle (Lair:3)
  A dream sheep (Lair:5)
  2 slime creatures (Lair:5)
  7 hippogriffs
  An ice dragon skeleton (D:15)
  A vampire (D:12)
  37 yaks
  A spriggan (Lair:5)
  8 wraiths
  11 fire bats (D:8)
  4 basilisks
  A hog (shapeshifter) (D:10)
  3 wyverns
  2 fire elementals (Snake:1)
  3 hungry ghosts
  A steam dragon (D:11)
  16 vampire mosquitoes
  2 wargs
  2 acid dragons (D:15)
  Duvessa (D:6)
  26 nagas
  15 water moccasins
  22 soldier ants
  4 hell hounds (Snake:1)
  11 porcupines
  A human skeleton (D:15)
  A hornet zombie (D:15)
  4 ice beasts
  24 orc warriors
  4 black bears
  A necrophage (D:7)
  5 sky beasts
  9 ogres
  A phantom (D:12)
  15 wolves
  14 centaurs
  7 crocodiles
  7 big kobolds
  A gnoll sergeant (D:10)
  A yaktaur zombie (D:15)
  26 bullfrogs
  Dowan (D:6)
  4 scorpions
  24 killer bees
  9 wights
  5 electric eels
  8 crimson imps
  7 howler monkeys
  2 bullfrog zombies
  2 quasits
  4 hounds
  3 centaur skeletons
  7 jellies
  29 orc wizards
  5 bullfrog skeletons
  21 orc priests
  4 iguanas
  A killer bee zombie (D:10)
  35 worker ants
  A hound skeleton (D:11)
  A howler monkey zombie (D:8)
  3 worker ant zombies
  4 gnolls (D:10)
  2 river rats
  22 adders
  2 shadow imps
  9 oozes
  2 adder skeletons
  8 worms
  3 dart slugs
  7 leopard geckos
  66 orcs
  9 giant cockroaches
  10 goblins
  5 hobgoblins
  10 jackals
  5 quokkas
  7 ball pythons
  A ball python zombie (D:5)
  70 bats
  A frilled lizard (D:1)
  A jackal skeleton (D:2)
  19 kobolds
  2 leopard gecko skeletons (D:4)
  2 quokka skeletons (D:6)
  15 rats
  2 fungi
  7 plants
1071 creatures vanquished.

Vanquished Creatures (collateral kills)
  Vashnia (Snake:3)
  3 hydras
  2 naga sharpshooters (Snake:3)
  A salamander mystic (Snake:3)
  A yak (Lair:5)
  A vampire mosquito (D:15)
  2 wolves (Lair:5)
  3 fungi (Lair:5)
14 creatures vanquished.

Vanquished Creatures (others)
  3 naga sharpshooters
  A bush (Lair:5)
  11 fungi
  35 plants
  2 withered plants (D:14)
52 creatures vanquished.

Grand Total: 1137 creatures vanquished

Notes
Turn   | Place    | Note
-------+----------+-------------------------------------------
     0 | D:1      | vurker the Deep Dwarf Fighter began the quest for the Orb.
     0 | D:1      | Reached XP level 1. HP: 20/20 MP: 1/1
   155 | D:1      | Reached XP level 2. HP: 27/27 MP: 2/2
   686 | D:1      | Reached XP level 3. HP: 29/34 MP: 3/3
  1153 | D:2      | Reached skill level 3 in Axes
  1518 | D:2      | Found an ornate altar of the Wu Jian Council.
  1538 | D:2      | Reached XP level 4. HP: 24/42 MP: 4/4
  1712 | D:2      | Found a bloodstained altar of Trog.
  1902 | D:3      | Found a snail-covered altar of Cheibriados.
  2055 | D:3      | Reached skill level 4 in Axes
  2055 | D:3      | Reached XP level 5. HP: 11/49 MP: 5/5
  2684 | D:4      | Reached skill level 5 in Axes
  2684 | D:4      | Reached XP level 6. HP: 39/57 MP: 6/6
  2813 | D:4      | Reached skill level 5 in Armour
  2909 | D:4      | Reached skill level 6 in Axes
  2992 | D:4      | Reached XP level 7. HP: 22/66 MP: 6/6
  3357 | D:4      | Found a burning altar of Makhleb.
  3363 | D:4      | Became a worshipper of Makhleb the Destroyer
  3480 | D:5      | Entered Level 5 of the Dungeon
  3550 | D:5      | Reached skill level 7 in Axes
  3601 | D:5      | Reached skill level 5 in Fighting
  3601 | D:5      | Reached skill level 1 in Invocations
  3738 | D:5      | Reached XP level 8. HP: 35/74 MP: 8/8
  3773 | D:5      | Got a distressingly furry leather armour
  3787 | D:5      | Found a staircase to the Ecumenical Temple.
  3818 | D:5      | Got a crude robe
  3865 | D:5      | Found a blossoming altar of Fedhas.
  3962 | D:5      | Reached skill level 8 in Axes
  4081 | D:5      | Found a glowing drain.
  4087 | D:5      | Reached * piety under Makhleb
  4100 | Sewer    | Entered a sewer
  4609 | Sewer    | Reached skill level 9 in Axes
  4824 | D:6      | Reached ** piety under Makhleb
  4866 | D:6      | Reached skill level 5 in Invocations
  4873 | D:6      | Found a glowing golden altar of the Shining One.
  4885 | D:6      | Found a deep blue altar of Sif Muna.
  4893 | D:6      | Gained mutation: You passively map the area around you.
                  | [Deep Dwarf growth]
  4893 | D:6      | Reached XP level 9. HP: 51/82 MP: 11/11
  5175 | D:6      | Noticed Dowan
  5175 | D:6      | Noticed Duvessa
  5192 | D:6      | Killed Duvessa
  5211 | D:6      | Killed Dowan
  5255 | D:6      | Reached skill level 10 in Axes
  5777 | D:7      | Found a sparkling altar of Nemelex Xobeh.
  6116 | D:8      | Reached skill level 11 in Axes
  6184 | D:8      | Noticed a +0 hand axe
  6184 | D:8      | Noticed a +0 hand axe
  6185 | D:8      | Found a hide-covered altar of Uskayaw.
  6376 | D:8      | Reached *** piety under Makhleb
  6615 | D:8      | Found a runed translucent door.
  6620 | D:8      | Found a glowing golden altar of the Shining One.
  6645 | D:8      | Noticed a flayed ghost
  6646 | D:8      | Found a white marble altar of Elyvilon.
  6675 | D:8      | Reached XP level 10. HP: 73/96 MP: 12/12
  6704 | D:8      | Reached skill level 12 in Axes
  6748 | D:8      | Found a deep blue altar of Sif Muna.
  6767 | D:8      | Reached **** piety under Makhleb
  6802 | D:8      | Found a hazy altar of Hepliaklqana.
  6889 | D:8      | Found an ornate altar of the Wu Jian Council.
  6937 | D:8      | Found a stormy altar of Qazlal.
  6946 | D:8      | Reached ***** piety under Makhleb
  7270 | D:9      | Noticed a two-headed ogre
  7278 | D:8      | Killed a two-headed ogre
  7278 | D:8      | Reached skill level 13 in Axes
  7324 | D:9      | Found Tutiseck's Antique Armour Boutique.
  7325 | D:9      | Got a twisted hand crossbow
  7569 | D:10     | Entered Level 10 of the Dungeon
  7603 | D:10     | Killed an unseen horror
  7658 | D:10     | Noticed an orb spider
  7658 | D:10     | a jumping spider changed into an orb spider
  7663 | D:10     | an orb spider changed into a hog
  7737 | D:10     | HP: 3/99 [komodo dragon (26)]
  7737 | D:10     | HP: 1/99 [troll (2)]
  7744 | D:10     | Reached XP level 11. HP: 81/106 MP: 12/12
  7759 | D:10     | Reached skill level 14 in Axes
  8082 | D:10     | Found a staircase to the Orcish Mines.
  8345 | D:10     | Got an iridescent hand axe
  8346 | D:10     | Identified the cursed +1 hand axe "Qihoiramei" {chop, rF+}
                  | (You found it on level 10 of the Dungeon)
  8790 | D:11     | Noticed an unseen horror
  8812 | D:11     | Killed an unseen horror
  8821 | D:11     | Noticed a green ugly thing
  8833 | D:11     | Killed a green ugly thing
  8833 | D:11     | Reached skill level 15 in Axes
  8862 | D:11     | Reached ****** piety under Makhleb
  8970 | D:11     | Noticed a rakshasa
  8972 | D:11     | Noticed a deep troll earth mage
  8995 | D:11     | Killed a deep troll earth mage
  8995 | D:11     | Reached skill level 10 in Fighting
  9015 | D:11     | Killed a rakshasa
  9166 | D:11     | Noticed a two-headed ogre
  9185 | D:11     | Killed a two-headed ogre
  9185 | D:11     | Reached skill level 16 in Axes
  9185 | D:11     | Reached XP level 12. HP: 72/117 MP: 12/12
  9468 | D:11     | Found a staircase to the Lair.
  9729 | Lair:1   | Entered Level 1 of the Lair of Beasts
  9808 | Lair:1   | Reached skill level 1 in Evocations
  9809 | Lair:1   | Found a frozen archway.
  9848 | Lair:1   | Noticed a six-headed hydra
  9855 | Lair:1   | Killed a six-headed hydra
  9982 | Lair:1   | Got a spiked leather armour
 10155 | Lair:1   | Noticed a four-headed hydra
 10168 | Lair:1   | Killed a four-headed hydra
 10213 | Lair:1   | Reached skill level 5 in Shields
 10757 | Lair:2   | Found a staircase to the Snake Pit.
 10803 | Lair:2   | Noticed an eight-headed hydra
 10809 | Lair:2   | Killed an eight-headed hydra
 11128 | Lair:2   | Noticed Gastronok
 11156 | Lair:2   | Killed Gastronok
 11603 | Lair:3   | Noticed a queen ant
 11616 | Lair:3   | Killed a queen ant
 11683 | Lair:3   | Reached XP level 13. HP: 127/127 MP: 15/15
 11708 | Lair:3   | Reached skill level 5 in Evocations
 11913 | Lair:3   | You fall into a shaft and drop 3 floors!
 11913 | Lair:6   | Entered Level 6 of the Lair of Beasts
 13044 | Lair:4   | Noticed a minotaur
 13044 | Lair:4   | a 14-headed hydra changed into a minotaur
 13061 | Lair:4   | Killed a minotaur
 13149 | Lair:4   | Gained mutation: You resist negative energy. (rN+) [Deep
                  | Dwarf growth]
 13149 | Lair:4   | Reached XP level 14. HP: 79/139 MP: 16/16
 13682 | Lair:3   | Found a staircase to the Shoals.
 13973 | Lair:5   | Found a staircase to the Slime Pits.
 14201 | Lair:5   | Reached skill level 10 in Shields
 14213 | Lair:5   | HP: 5/139 [death yak (12)]
 14216 | Lair:5   | Found a radiant altar of Vehumet.
 14310 | Lair:5   | HP: 5/139 [ice dragon/blast of cold (33)]
 14454 | Lair:5   | Reached skill level 10 in Invocations
 14527 | Lair:5   | Got a pair of faintly glowing gloves
 14761 | Lair:5   | Reached skill level 17 in Axes
 16372 | D:12     | Noticed Nergalle
 16382 | D:12     | Killed Nergalle
 16483 | D:12     | Reached skill level 10 in Armour
 16483 | D:12     | Reached XP level 15. HP: 148/148 MP: 12/12
 17082 | D:13     | Found Wipputics's Antique Armour Emporium.
 17113 | D:13     | Found a gate to the Vaults.
 17133 | D:13     | Reached skill level 18 in Axes
 17200 | D:13     | Identified the +0 pair of gloves of the End {Int+3 Dex+6}
                  | (You found it on level 5 of the Lair of Beasts)
 17788 | D:14     | Found a runed translucent gate.
 17788 | D:14     | Found a runed translucent gate.
 17788 | D:14     | Found a runed translucent gate.
 17788 | D:14     | Noticed CcS's ghost (journeyman SpEn)
 17788 | D:14     | Noticed theanonym's ghost (journeyman MiAs)
 17788 | D:14     | Noticed CheesenQwackers's ghost (journeyman CeHu)
 17788 | D:14     | Noticed emperorscorpion's ghost (journeyman VSBe)
 18633 | D:15     | Entered Level 15 of the Dungeon
 18827 | D:15     | Found a staircase to the Depths.
 19014 | D:15     | Found a sacrificial altar of Ru.
 19322 | D:15     | Reached XP level 16. HP: 159/159 MP: 14/14
 19548 | Orc:1    | Entered Level 1 of the Orcish Mines
 19832 | Orc:2    | Entered Level 2 of the Orcish Mines
 20139 | Orc:2    | Noticed Erolcha
 20148 | Orc:2    | Killed Erolcha
 20595 | Orc:2    | Found a staircase to the Elven Halls.
 20687 | Orc:2    | Found Orrunaps's Food Shop.
 20687 | Orc:2    | Found Ycruamathro's Assorted Antiques.
 20689 | Orc:2    | Found Puawy's Assorted Antiques.
 20689 | Orc:2    | Found Iraracyv's General Store.
 21013 | Snake:1  | Entered Level 1 of the Snake Pit
 21223 | Snake:1  | Noticed Frances
 21239 | Snake:1  | Killed Frances
 21393 | Snake:1  | Found Wuipsufa's Gadget Emporium.
 21397 | Snake:1  | Noticed Azrael
 21401 | Snake:1  | Found Zonge's General Store.
 21408 | Snake:1  | Killed Azrael
 21410 | Snake:1  | Bought a wand of flame (14) for 104 gold pieces
 21410 | Snake:1  | Bought a wand of iceblast (8) for 156 gold pieces
 21791 | Snake:2  | Got a bloodstained leather armour
 21815 | Snake:2  | Found Arufy's Weapon Shop.
 22853 | Snake:3  | Reached skill level 15 in Fighting
 22910 | Snake:3  | Noticed Vashnia
 22939 | Snake:3  | Killed Vashnia
 22950 | Snake:3  | Reached XP level 17. HP: 98/170 MP: 15/15
 23141 | Snake:3  | Found Nockym's Mass Market.
 23165 | Snake:3  | Bought the +7 large shield "Cehyrub" {Str+3 Int+2 Stlth-}
                  | for 834 gold pieces
 23380 | Snake:3  | Noticed Aizul
 23397 | Snake:3  | Killed Aizul
 23405 | Snake:3  | Noticed Jorgrun
 23422 | Snake:3  | Killed Jorgrun
 23604 | Snake:3  | Reached skill level 10 in Evocations
 23618 | Snake:3  | Identified the +3 pair of gloves of Togefe {Int+2}
 23618 | Snake:3  | Noticed Nikola
 24291 | Snake:3  | Found Nockym's Mass Market.
 24330 | Snake:3  | Killed Nikola
 24341 | Snake:4  | Entered Level 4 of the Snake Pit
 24386 | Snake:4  | Killed from afar by a shock serpent

Levels and vault maps discovered:
D:1:      sevenhm_arrival_forest_fort_large_2, layout_loops_ring,
          minmay_misc_feat_nine_boxes
D:2:      minmay_alternating_diamond, layout_basic, lightli_temple_of_fire,
          old_standard_altar
D:3:      minmay_octagon_keep, layout_loops_cross, cheibriados_altar_1,
          first_ration
D:4:      layout_loops_ring, kennysheep_little_box, kennysheep_generic_room_9
D:5:      layout_basic, minmay_temple_entry_mini_moons, portal_sewer_entry_b,
          fedhas_altar_fruit_tree
D:6:      layout_cave_pools, lemuel_crystal_altar, basic_altar,
          chequers_arboretum, small_statue_intersection, uniq_duvessa
D:7:      layout_rooms, nemelex_xobeh_ov_fountains_minmay
D:8:      due_megacathedral, layout_basic, dancing_weapons_uskayaw,
          grunt_ministairs_13
D:9:      layout_cross, serial_shops, nicolae_shop_waterfront
D:10:     layout_irregular_city, orc_0_dummy, david_nohive_1,
          lemuel_flame_loot_1
D:11:     wad_statue_garden, layout_long_grid, lair_entry_dummy,
          gauntlet_entry_generic
D:12:     layout_roguey, uniq_nergalle
D:13:     layout_loops_ring, erik_vaults_2, serial_shops, shop
D:14:     layout_loops_corners, gammafunk_ghost_cemetery,
          chequers_serial_rivers_micro_d
D:15:     gammafunk_depths_entry_grave, layout_loops_ring,
          nicolae_ru_sacrificial_ziggurat
Lair:1:   layout_small_grid, portal_ice_cave_demonic_guard, beast_lair_carwin_9,
          minmay_lair_oklob_chamber
Lair:2:   layout_regular_city, dummy_snake_entry, serial_bayou_lagoon_a,
          grunt_megastairs_1, uniq_gastronok
Lair:3:   layout_loops_ring, minmay_shoals_entry_hut, minivault_29,
          serial_bayou_shore_a, grunt_megastairs_4
Lair:4:   layout_roguey
Lair:5:   layout_hall_layers, minmay_slime_entry_pillars, basic_altar,
          grunt_forest_large_clearing_hut
Lair:6:   minmay_lair_end_frog_pond, layout_layer_cave, grunt_megastairs_5
Snake:1:  layout_misc_corridors, minmay_shop_star, uniq_azrael, uniq_frances
Snake:2:  layout_layer_cave, serial_shops, nicolae_shop_behind_doors
Snake:3:  layout_layer_cave, minmay_shop_mass, grunt_ministairs_6,
          serial_bayou_lake_a, uniq_aizul, uniq_jorgrun, uniq_vashnia,
          uniq_nikola
Snake:4:  grunt_snake_rune_pools, layout_misc_corridors, ebering_ghost_xom
Orc:1:    layout_diamond_mine
Orc:2:    grunt_orc_tribal_feast, layout_caves, uniq_erolcha

Skill      XL: |  1  2  3  4  5  6  7  8  9 10 11 12 13 14 15 16 17 |
---------------+----------------------------------------------------+-----
Fighting       | 3 4 5 6 7 9 10 11 12 13 14 15 | 15.6
Axes           | 3 4 5 6 7 9 11 13 16 17 18 | 18.0
Armour         | 4 5 6 8 10 11 12 | 12.5
Invocations    | 2 5 7 9 10 11 12 | 12.9
Evocations     | 4 5 7 9 10 | 10.0
Shields        | 7 9 11 12 14 | 14.8

Action                   |  1- 3 |  4- 6 |  7- 9 | 10-12 | 13-15 | 16-18 || total
-------------------------+-------+-------+-------+-------+-------+-------++-------
Melee: War axe           |   116 |   221 |   512 |   981 |   420 |       ||  2250
       Hand axe          |       |       |       |    23 |       |       ||    23
       Broad axe         |       |       |       |       |  1099 |   660 ||  1759
Invok: Lesser Servant of |       |       |       |       |     7 |     6 ||    13
       Major Destruction |       |       |       |       |     4 |       ||     4
 Abil: Heal Wounds       |       |     5 |     6 |    12 |    32 |    25 ||    80
Evoke: Wand              |       |       |       |    17 |    21 |       ||    38
  Use: Scroll            |     1 |       |    13 |     8 |    20 |     7 ||    49
       Potion            |       |       |     1 |     2 |     2 |       ||     5
 Stab: Distracted        |       |       |       |       |     3 |     2 ||     5
  Eat: Chunk             |     2 |     5 |    10 |    15 |    25 |     8 ||    65
       Ration            |       |       |     1 |     2 |     1 |     3 ||     7
Armor: Scale mail        |    46 |    88 |   125 |       |       |       ||   259
       Ring mail         |     1 |       |       |       |       |       ||     1
       Chain mail        |       |       |    97 |   319 |       |       ||   416
       Plate armour      |       |       |       |   189 |   627 |   178 ||   994
       Skin              |       |       |       |       |    86 |       ||    86
Dodge: Dodged            |    33 |    54 |   120 |   191 |   290 |    81 ||   769
Block: Shield            |    44 |   121 |   275 |   535 |   916 |   315 ||  2206
       Reflection        |       |       |       |       |       |    63 ||    63
       Large shield      |       |       |       |       |       |   195 ||   195

Table legend:
 A = Non-vault XP
 B = Vault XP
 C = Vault XP percentage of total XP
 D = Non-vault monster count
 E = Vault monster count
 F = Vault count percentage of total count
                 A         B        C        D         E       F
            +---------+---------+-------+---------+---------+-------
      Total |  179526 |   75576 |  29.6 |     804 |     272 |  25.3
            +---------+---------+-------+---------+---------+-------
        D:1 |      43 |       0 |   0.0 |      25 |       0 |   0.0
        D:2 |      60 |       5 |   7.7 |      15 |       3 |  16.7
        D:3 |     226 |      42 |  15.7 |      25 |      10 |  28.6
        D:4 |     570 |       0 |   0.0 |      22 |       0 |   0.0
        D:5 |     788 |      23 |   2.8 |      18 |       7 |  28.0
        D:6 |     654 |     239 |  26.8 |      18 |       2 |  10.0
        D:7 |     748 |       0 |   0.0 |      18 |       0 |   0.0
        D:8 |    3766 |    1157 |  23.5 |      90 |       7 |   7.2
        D:9 |     767 |       0 |   0.0 |      13 |       0 |   0.0
       D:10 |    3205 |    1150 |  26.4 |      40 |      15 |  27.3
       D:11 |    5252 |    3272 |  38.4 |      48 |      14 |  22.6
       D:12 |   13324 |     785 |   5.6 |      55 |       1 |   1.8
       D:13 |    4182 |    7822 |  65.2 |      13 |       8 |  38.1
       D:14 |   10384 |       0 |   0.0 |      37 |       0 |   0.0
       D:15 |   14835 |    3788 |  20.3 |      56 |       8 |  12.5
     Lair:1 |    3605 |    1639 |  31.3 |      13 |       6 |  31.6
     Lair:2 |    3198 |    3319 |  50.9 |      14 |       6 |  30.0
     Lair:3 |    1870 |    5111 |  73.2 |      10 |      42 |  80.8
     Lair:4 |   10049 |       0 |   0.0 |      27 |       0 |   0.0
     Lair:5 |   22019 |    1473 |   6.3 |      57 |       7 |  10.9
     Lair:6 |    8865 |   15734 |  64.0 |      27 |      60 |  69.0
    Snake:1 |   11140 |    4328 |  28.0 |      21 |       8 |  27.6
    Snake:2 |   17403 |       0 |   0.0 |      30 |       0 |   0.0
    Snake:3 |   34596 |   16439 |  32.2 |      61 |       9 |  12.9
    Snake:4 |    4165 |       0 |   0.0 |       6 |       0 |   0.0
      Orc:1 |    1523 |       0 |   0.0 |      26 |       0 |   0.0
      Orc:2 |    2289 |    8625 |  79.0 |      19 |      31 |  62.0
      Sewer |       0 |     625 | 100.0 |       0 |      28 | 100.0
            +---------+---------+-------+---------+---------+-------
